[Event "*** SCC Grand Prix: Titled Tuesday Blitz"]
[Site "Chess.com"]
[Date "2020.08.04"]
[Round "1"]
[White "BulletMercenary"]
[Black "AnonymousBread"]
[Result "1-0"]
[WhiteElo "2157"]
[BlackElo "2526"]
[TimeControl "180+1"]
[EndTime "13:53:24 PDT"]
[Termination "BulletMercenary won by resignation"]

1. e4 e5 2. Nf3 Nc6 3. d4 exd4 4. Nxd4 Nf6 5. Nc3 Bb4 6. Nxc6 bxc6 7. Bd3 d5 8. exd5 cxd5 9. O-O O-O 10. Bg5 c6 11.
Qf3 Bd6 12. Bxf6 Qxf6 13. Qxf6 gxf6 14. Na4 Bd7 15. Rad1 Rfe8 16. b3 Re5 17. f4 Re3 18. g3 Rae8 19. Kf2 c5 20. Nc3 Bc6 21. Rfe1 d4 22. Rxe3 Rxe3 23. Nb1 h5 24. Nd2 h4 25. Re1 Rxe1 26. Kxe1 Kf8 27. Be4 Bb5 28. a4 Ba6 29.
Bd3 Bb7 30. Be4 Bc8 31. Kf2 Ke7 32. Kf3 hxg3 33. hxg3 Bc7 34. Bd5 Be6 35. Bb7 f5 36. Ke2 Kd6 37. Kd3 Bb6 38. Nc4+ Kc7 39. Bf3 Kd7 40. Ne5+ Kd6 41. Nc4+ Ke7 42. Ne5 Bc7 43. Nc6+ Kd6 44. Nxa7 Ba5 45. Nb5+ Ke7 46. Ke2 Kd8 47. Nd6 Kc7 48. Nc4 Bc3 49. Ne5 Kb6 50. Kd3 Be1 51. g4 fxg4 52. Bxg4 f5 53. Bf3 Bg3 54. Ng6 Bc8 55.
Ne7 Ba6+ 56. c4 dxc3+ 57. Kxc3 Bxf4 58. Nd5+ Ka5 59. Nxf4 Kb6 60. Nd5+ Ka7 61. Ne3 Bc8 62. Nc4 Bd7 63. Bd5 Kb8 64. Ne5 f4 65. Nxd7+ Kc7 66.
Nxc5 Kd6 67. Bf3 Kxc5 68. b4+ Kb6 69. a5+ Ka7 70. Kc4 Kb8 71. b5 1-0

[Event "*** SCC Grand Prix: Titled Tuesday Blitz"]
[Site "Chess.com"]
[Date "2020.08.04"]
[Round "1"]
[White "Artur0208"]
[Black "AndrewDGreen"]
[Result "1-0"]
[WhiteElo "2776"]
[BlackElo "2394"]
[TimeControl "180+1"]
[EndTime "13:53:28 PDT"]
[Termination "Artur0208 won by resignation"]

1. d4 Nf6 2. Nf3 g6 3. c4 Bg7 4. Nc3 O-O 5. e4 d6 6. Be2 Bg4 7. O-O Nfd7 8. Be3 Nc6 9. d5 Bxf3 10. Bxf3 Na5 11. Be2 Bxc3 12. bxc3 e5 13. dxe6 fxe6 14.
f4 Qe7 15. Kh1 b6 16. Qc2 Nc5 17. Rad1 Qe8 18. Bxc5 bxc5 19. e5 Rd8 20. exd6 cxd6 21.
Qe4 Qf7 22. Bg4 Rfe8 23. Rfe1 e5 24. fxe5 Qxc4 25. Qxc4+ Nxc4 26. e6 Ne5 27. Bh3 Kg7 28. Re4 c4 29. g3 g5 30. Bf5 h5 31. Red4 Kf6 32. Rf1 Re7 33. h4 gxh4 34. Rxh4 Rh8 35. Bh3+ Kg5 36. Kg2 Kg6 37. Rd4 Rd8 38. Re1 Kf6 39.
Rf4+ Kg6 40. Re2 Kg7 41. Rd4 Nc6 42. Rxc4 Ne5 43. Rd4 Ng6 44. Rd5 Nf8 45. Rxh5 Ng6 46. Rg5 Kf6 47. Rf5+ Kg7 48. Ref2 Ne5 49. Rf6 Rh8 50. g4 Rg8 51. Kg3 Ng6 52. g5 Ne5 53. R2f5 Rc8 54. Rf2 Rxc3+ 55. Kg2 Rc4 56. Bf5 Rc3 57. Rh6 a5 58. Rh7+ Kf8 59. Bd3+ Ke8 60. Bb5+ Kd8 61. Rf8+ Kc7 62. Rxe7+ Kb6 63. Rb8+ Kc5 64.
Rc7+ Kb4 65. Rxc3 Kxc3 66. e7 1-0

[Event "*** SCC Grand Prix: Titled Tuesday Blitz"]
[Site "Chess.com"]
[Date "2020.08.04"]
[Round "1"]
[White "BikingBrian"]
[Black "Fh2411"]
[Result "0-1"]
[WhiteElo "2162"]
[BlackElo "2548"]
[TimeControl "180+1"]
[EndTime "13:53:29 PDT"]
[Termination "Fh2411 won by resignation"]

1. d4 d5 2. Bf4 c6 3. e3 Qb6 4. b3 Bf5 5. Bd3 Bg6 6. Nf3 Nd7 7. O-O e6 8. c4 Ngf6 9. c5 Qd8 10. Nc3 Ne4 11.
Qc2 Nxc3 12. Qxc3 Be7 13. b4 O-O 14. b5 Bxd3 15. Qxd3 Re8 16. bxc6 bxc6 17. Qa6 Qc8 18. Qxc8 Rexc8 19. Rfb1 Bd8 20. Rb7 Nf8 21. Ne5 f6 22. Nd7 Nxd7 23. Rxd7 Ba5 24. Rb1 Rd8 25. Rxd8+ Bxd8 26.
Rb7 h5 27. Kf1 Kh7 28. Ke2 Kg6 29. Kd3 h4 30. h3 Kf5 31. Bc7 a5 32. Bxd8 Rxd8 33.
Rb6 Rc8 34. Ra6 Rb8 35. Rxc6 Rb2 36. Ra6 Rxa2 37. c6 Ra4 38. Ra7 Rc4 39. c7 g5 40.
f3 a4 41. e4+ Kf4 42. exd5 exd5 43. c8=Q Rxc8 44. Rxa4 Kg3 45. Ra6 Rf8 46. Ra2 f5 47. Re2 Ra8 48. Kc3 Rc8+ 49. Kd3 Kf4 50. Re5 Ra8 51. Rxd5 Ra2 52. Kc4 Rxg2 53. Re5 Rc2+ 54.
Kd3 Rf2 55. Re3 Ra2 56. Re5 Ra3+ 57. Kc4 Ra4+ 58. Kd3 Ra3+ 59. Kc4 Rxf3 60. Re1 Rf2 61. d5 Rd2 62. Kc5 g4 63. hxg4 fxg4 64. Rc1 g3 65. d6 Rxd6 66. Kxd6 h3 67. Kd5 h2 68. Kd4 g2 69.
Rc2 g1=Q+ 70. Kd5 h1=Q+ 0-1

[Event "*** SCC Grand Prix: Titled Tuesday Blitz"]
[Site "Chess.com"]
[Date "2020.08.04"]
[Round "1"]
[White "Stormeman100100"]
[Black "vladislavkovalev"]
[Result "0-1"]
[WhiteElo "2443"]
[BlackElo "2883"]
[TimeControl "180+1"]
[EndTime "13:53:32 PDT"]
[Termination "vladislavkovalev won on time"]

1. e4 e5 2. Nf3 Nc6 3. Bc4 a6 4. c3 Nf6 5. d4 exd4 6. e5 d5 7. Be2 Ne4 8. cxd4 Bb4+ 9. Bd2 Bxd2+ 10. Nbxd2 O-O 11. O-O Bf5 12. Rc1 Qd7 13. a3 Ne7 14. b4 c6 15. Nb3 Ng6 16. Ne1 f6 17. exf6 Nxf6 18. Nc5 Qf7 19. Ned3 Rae8 20. Re1 Bxd3 21. Bxd3 Nf4 22. Bf1 Rxe1 23. Qxe1 Re8 24. Qd2 Ne4 25. Nxe4 Rxe4 26. g3 Ne6 27. Bg2 Rxd4 28. Qe3 Rc4 29. Re1 Nf8 30. h4 Qf6 31. Qe8 Rc2 32. Qe3 Qc3 33.
Qe8 Qf6 34. Qe3 Rc3 35. Qe8 Rxa3 36. Bh3 Ra1 37. Be6+ Kh8 38. Rxa1 Qxa1+ 39. Kg2 Qf6 40. Bc8 Qd6 41. Bxb7 Qxb4 42. Bxc6 Qe4+ 43. Qxe4 dxe4 44. Bxe4 a5 45. Bc6 g6 46. Kf3 Kg7 47. Ba4 Kf6 48.
g4 Ne6 49. Kg3 Ke5 50. g5 Nf4 51. Kg4 Nd3 52. f3 Kd4 53. h5 Ke3 54. hxg6 hxg6 55. Be8 Ne5+ 56. Kg3 Nxf3 57. Bxg6 a4 58. Be8 a3 59. g6 a2 60. g7 a1=Q 61. g8=N Qg1+ 62. Kh3 Kf4 0-1

[Event "*** SCC Grand Prix: Titled Tuesday Blitz"]
[Site "Chess.com"]
[Date "2020.08.04"]
[Round "1"]
[White "1977Ivan"]
[Black "allvim"]
[Result "0-1"]
[WhiteElo "2693"]
[BlackElo "2360"]
[TimeControl "180+1"]
[EndTime "13:53:36 PDT"]
[Termination "allvim won on time"]

1. c4 e5 2. Nc3 Nf6 3. Nf3 Nc6 4.
g3 d5 5. cxd5 Nxd5 6. Bg2 Nb6 7.
a3 Be6 8. O-O Be7 9. b4 a6 10.
Bb2 O-O 11. Rc1 Nc4 12. Qc2 Nxb2 13. Qxb2 f6 14. e3 Qd7 15. Ne4 Bh3 16. Qb3+ Kh8 17.
Rfd1 Bxg2 18. Kxg2 Rad8 19. d4 exd4 20. exd4 Qd5 21. Qxd5 Rxd5 22. Nc3 Rd7 23. d5 Ne5 24. Nxe5 fxe5 25. Ne4 Rfd8 26. Rc3 Kg8 27. Rcd3 h6 28. Kf3 Kf7 29. Nc5 Bxc5 30. bxc5 b6 31. c6 Rd6 32. Ke4 Kf6 33. Rf3+ Ke7 34. Rfd3 Kf6 35. h4 b5 36. Rc1 a5 37. Rc5 Rb8 38. Rf3+ Ke7 39. Kxe5 b4 40. axb4 axb4 41. Rb3 Rf6 42. f4 g6 43. Rc4 Rf5+ 44. Ke4 Kd6 45. Rcxb4 Re8+ 46. Kf3 Rxd5 47. Rb8 Rxb8 48. Rxb8 Kxc6 49. Rg8 Rd6 50. Rh8 h5 51. Ke4 Re6+ 52. Kd4 Kd6 53. Rd8+ Ke7 54. Rg8 Kd6 55.
Rg7 c5+ 56. Kd3 Kd5 57. Rd7+ Kc6 58. Rg7 Kd5 59. Rg8 c4+ 60. Kd2 Ke4 61. Ke2 c3 62. Rc8 Kd4+ 63. Kf3 Kd3 64. f5 gxf5 65. Kf4 Rg6 66.
Rd8+ Ke2 67. Re8+ Kd1 68. Rd8+ Kc1 69. Rd3 c2 70. Kxf5 Rg4 0-1

[Event "*** SCC Grand Prix: Titled Tuesday Blitz"]
[Site "Chess.com"]
[Date "2020.08.04"]
[Round "1"]
[White "creativity"]
[Black "Eternauta2400"]
[Result "0-1"]
[WhiteElo "1979"]
[BlackElo "2500"]
[TimeControl "180+1"]
[EndTime "13:53:42 PDT"]
[Termination "Eternauta2400 won on time"]

1. d4 Nf6 2. c4 e6 3. Nc3 Bb4 4.
Qc2 O-O 5. Nf3 b6 6. a3 Bxc3+ 7.
Qxc3 Bb7 8. Bf4 d6 9. e3 Nbd7 10.
Be2 Qe7 11. O-O h6 12. Rfe1 Rfe8 13. Rad1 Rac8 14. Bf1 e5 15. Bg3 Ne4 16. Qc2 Nxg3 17.
fxg3 e4 18. Nd2 d5 19. b4 dxc4 20. Bxc4 Nf6 21. Nb3 Bd5 22. Bxd5 Nxd5 23. Qc6 Red8 24. Rc1 Rd6 25. Qb7 Rcd8 26. Rc6 Rxc6 27. Qxc6 Rd6 28. Qc2 c6 29. Nd2 f5 30. Nc4 Re6 31. Ne5 Qd6 32.
g4 fxg4 33. Qxe4 Nf6 34. Qg6 Qe7 35. Nxg4 Nxg4 36. Qxg4 Rxe3 37. Qc8+ Kh7 38. Rf1 Qe4 39. h4 Rg3 40. Rf2 Qxh4 41. Qxc6 Qxd4 42. Qe6 Rg5 43. Qf7 Qd1+ 44. Rf1 Qc2 45. Qf3 Qg6 46. Rd1 h5 47. Rd5 Rxd5 48. Qxd5 Kh6 49. Qd2+ Qg5 50. Qd6+ Kh7 51.
Qd3+ Qg6 52. Qd7 a6 53. Qb7 b5 54. Qd5 Kh6 55. Qd2+ Qg5 56. Qd6+ Qf6 57. Qd2+ g5 58. Qe3 h4 59. Qc5 Kg6 60. Qc2+ Qf5 61. Qc6+ Qf6 62.
Qc2+ Kf7 63. Qc8 Qd4+ 64. Kh2 Qd6+ 65. Kg1 Kf6 66. Qh8+ Kf5 67. Qh7+ Kf4 68. Qf7+ Ke5 69. Qg7+ Qf6 70. Qc7+ Ke4 0-1

[Event "*** SCC Grand Prix: Titled Tuesday Blitz"]
[Site "Chess.com"]
[Date "2020.08.04"]
[Round "1"]
[White "Flopezin"]
[Black "Bykov_Egor"]
[Result "1-0"]
[WhiteElo "2298"]
[BlackElo "2585"]
[TimeControl "180+1"]
[EndTime "13:53:45 PDT"]
[Termination "Flopezin won by resignation"]

1. c4 f6 2. d4 g6 3. g3 Bg7 4. Bg2 e6 5. Nc3 Ne7 6. h4 d5 7. h5 Nbc6 8. Nf3 O-O 9. hxg6 hxg6 10. Bh6 Bxh6 11. Rxh6 Kg7 12. Qd2 dxc4 13. O-O-O Nf5 14. Rdh1 Nxh6 15. Qxh6+ Kf7 16. Qh7+ Ke8 17. Qxg6+ Kd7 18. Rh7+ Ne7 19. Ne4 Kc6 20. Qg7 Nf5 21. Qg6 Kb6 22. Nfd2 Qxd4 23. e3 Qd8 24. Nxc4+ Kb5 25. b3 Kb4 26. Kb2 Qd3 27. Rh1 Ne7 28. a3+ Kb5 29. Ned6+ cxd6 30. Qxd3 d5 31. Ne5+ Kb6 32.
Qd4+ Kc7 33. Rc1+ Kd8 34. Nd3 Bd7 35. e4 Nc6 36. Qe3 d4 37. Qd2 Ke7 38. Nb4 Ne5 39. f4 Nf7 40. Qxd4 b6 41. e5 fxe5 42. fxe5 Rh8 43. Bxa8 Rxa8 44. Rd1 Bb5 45. a4 Be8 46. Na6 Rc8 47. Qh4+ Kf8 48. Nb4 Rc5 49. g4 a5 50. Nd3 Rd5 51. Qf6 Kg8 52. g5 Nh8 53. Rh1 Ng6 54. Nf4 Rd2+ 55. Kc3 Rf2 56. Nxg6 Rxf6 57. gxf6 Bxg6 58. Kd4 Kf7 59. Rc1 Bf5 60.
Rc7+ Kf8 61. Rb7 Bc2 62. Rxb6 Bd1 63. Kc5 Kf7 64. Kd6 Bg4 65. Rb7+ Kf8 66. Ra7 Bh3 67.
Rxa5 Kf7 68. Ra7+ Kg6 69. b4 Kf5 70. a5 Ke4 71. f7 Bf5 72. f8=Q Kd4 73. Rd7 1-0

[Event "*** SCC Grand Prix: Titled Tuesday Blitz"]
[Site "Chess.com"]
[Date "2020.08.04"]
[Round "1"]
[White "WanderingPuppet"]
[Black "coocloo"]
[Result "1-0"]
[WhiteElo "2501"]
[BlackElo "2001"]
[TimeControl "180+1"]
[EndTime "13:53:47 PDT"]
[Termination "WanderingPuppet won by resignation"]

1. e4 e5 2. Nf3 Nc6 3. Bb5 Nf6 4.
O-O Bc5 5. c3 d6 6. d4 exd4 7.
cxd4 Bb4 8. d5 a6 9. Ba4 b5 10. Bc2 Ne5 11. Nd4 Bc5 12. h3 Bxd4 13. Qxd4 c5 14.
dxc6 Nxc6 15. Qc3 Bb7 16. Bg5 Ne5 17. Nd2 O-O 18. Rad1 h6 19. Bh4 Rc8 20. Qb3 g5 21. Bg3 Re8 22. Bb1 Qb6 23. a4 b4 24. Bxe5 dxe5 25. Nc4 Qe6 26. Rc1 Bxe4 27. Bxe4 Nxe4 28. Qxb4 Rb8 29. Qa5 Rec8 30. Qxe5 Qxe5 31. Nxe5 Rxc1 32. Rxc1 Rxb2 33. f3 Nd6 34. Rc6 Nf5 35. Rxa6 Ne3 36. Rxh6 Rxg2+ 37. Kh1 Ra2 38. Ra6 Ra1+ 39. Kh2 Ra2+ 40.
Kh1 Ra1+ 41. Kh2 Ra2+ 42. Kg1 Rg2+ 43. Kh1 Ra2 44. Ng4 Ra1+ 45. Kh2 Ra2+ 46. Kg1 Ra1+ 47. Kf2 Nc2 48. Ra5 Nb4 49. Rxg5+ Kf8 50. Ra5 Ra2+ 51. Kg3 Nd3 52. Ra7 Nb2 53. a5 Nc4 54. a6 Nd6 55.
Ne5 Nb5 56. Ra8+ Kg7 57. Nc6 Nc7 58. Rc8 Nxa6 59. Ra8 Nb4 60. Rxa2 Nxa2 61. Ne5 Nc3 62. Nd3 Kf6 63. Nf4 Kg5 64. h4+ Kf6 65. Nd3 Kg7 66. Kg4 Nd5 67. f4 Ne3+ 68. Kf3 Nf5 69. Kg4 Ne3+ 70.
Kh3 Kh6 71. Ne5 f6 72. Ng4+ Nxg4 73. Kxg4 Kg6 74. h5+ Kh6 75. Kf5 Kxh5 76. Kxf6 Kg4 77. f5 Kh5 78. Ke7 Kg5 79. f6 Kg6 80. f7 Kg7 81.
f8=Q+ 1-0

[Event "*** SCC Grand Prix: Titled Tuesday Blitz"]
[Site "Chess.com"]
[Date "2020.08.04"]
[Round "1"]
[White "Filip_Covic"]
[Black "alexrustemov"]
[Result "0-1"]
[WhiteElo "2365"]
[BlackElo "2741"]
[TimeControl "180+1"]
[EndTime "13:53:54 PDT"]
[Termination "alexrustemov won by resignation"]

1. e4 e6 2. d4 d5 3. Nc3 Bb4 4. e5 c5 5. a3 Bxc3+ 6. bxc3 Ne7 7. Qg4 O-O 8. Bd3 Qa5 9. Bd2 Nbc6 10. Nf3 f5 11. exf6 Rxf6 12. Qh5 Nf5 13. g4 c4 14. Bxf5 exf5 15. Ne5 fxg4 16. h3 Nxe5 17. dxe5 Rf5 18.
Qh4 Rxe5+ 19. Kd1 gxh3 20. Rg1 Qc7 21. Bf4 Re4 22. Bxc7 Rxh4 23. Kd2 Bf5 24. Rae1 h2 25.
Rh1 Be4 26. Rxh2 Rxh2 27. Bxh2 Rf8 28. Bg3 b6 29. Rb1 g5 30. a4 h5 31. Rg1 Kh7 32. Ke2 Bxc2 33. Bd6 Re8+ 34. Kd2 Bd3 35. Rxg5 Re2+ 36.
Kd1 Kh6 37. Bf4 Rxf2 38. Be3 Rf3 39. Re5+ Kg6 40. Kd2 h4 41. Rg5+ Kf6 42. Rxd5 h3 43. Rh5 Rg3 44. Bf4 Rg2+ 45. Ke3 Re2+ 46. Kf3 Ra2 47.
Rxh3 Rxa4 48. Rh6+ Ke7 49. Ke3 Kd7 50. Kd4 Ra5 51.
Rd6+ Kc8 52. Rc6+ Kb7 53. Rc7+ Ka6 54. Re7 Kb5 55. Bb8 a6 56. Rb7 Kc6 57. Rc7+ Kb5 58. Rb7 Ra1 59. Bc7 Kc6 60. Ra7 a5 61. Bd8 a4 62.
Rc7+ Kd6 63. Rb7 a3 64. Rxb6+ Kd7 65. Bf6 a2 66. Ra6 Bf5 67. Kd5 Rd1+ 68. Ke5 a1=Q 69.
Rxa1 Rxa1 70. Kxf5 Kd6 71. Ke4 Kc5 72. Be7+ Kb5 73.
Kd4 Rd1+ 74. Ke4 Re1+ 75. Kd4 Rxe7 0-1

[Event "*** SCC Grand Prix: Titled Tuesday Blitz"]
[Site "Chess.com"]
[Date "2020.08.04"]
[Round "1"]
[White "RobertoJBM"]
[Black "Belka1989"]
[Result "1-0"]
[WhiteElo "2681"]
[BlackElo "2315"]
[TimeControl "180+1"]
[EndTime "13:53:58 PDT"]
[Termination "RobertoJBM won by checkmate"]

1. d4 Nf6 2. c4 e5 3. dxe5 Ng4 4. Bf4 Bb4+ 5. Nd2 Nc6 6. Nf3 Qe7 7. e3 Ngxe5 8.
Nxe5 Nxe5 9. a3 Bxd2+ 10. Qxd2 d6 11. Be2 O-O 12. O-O b6 13. f3 Bb7 14. e4 a5 15. b4 axb4 16. axb4 Qe6 17. Qc3 Nd7 18.
Bd3 Ne5 19. Be2 Nd7 20. Be3 h6 21. Bd4 Nf6 22. Bxf6 Qxf6 23. Qxf6 gxf6 24. Kf2 Rfe8 25. Bd3 Kf8 26. g4 Ke7 27. Ke3 Ke6 28. b5 Rxa1 29. Rxa1 Ra8 30. Rxa8 Bxa8 31. f4 c6 32. bxc6 Bxc6 33. Kd4 Ke7 34. Be2 Ke6 35. h4 Ke7 36. Bf1 Ke6 37. Bh3 Ke7 38. Bg2 Ke6 39. Bf1 Ke7 40.
Bh3 Ke6 41. g5+ Ke7 42. gxh6 Kf8 43. Bf5 Kg8 44. Kc3 Kh8 45. Kb4 Kg8 46. Kb3 Kh8 47. Kc3 Kg8 48. Kd4 Kh8 49. Ke3 Kg8 50. Kf3 Kh8 51. h7 b5 52. cxb5 Bxb5 53. Ke3 Bc6 54. Kd4 Bb7 55. h5 Bc6 56. h6 Bb7 57. Kc4 Bxe4 58.
Bxe4 d5+ 59. Kxd5 f5 60. Bxf5 f6 61. Bg4 f5 62. Bf3 Kxh7 63. Ke6 Kxh6 64. Kxf5 Kg7 65. Ke6 Kh6 66. f5 Kh7 67. Ke7 Kg7 68. f6+ Kh7 69.
f7 Kg6 70. Bg2 Kg5 71. Bh1 Kg4 72. f8=Q Kg5 73. Qf6+ Kg4 74. Bc6 Kg3 75. Be8 Kh3 76.
Ke6 Kg3 77. Ke5 Kg4 78. Ke4 Kg3 79. Ke3 Kg4 80. Qg6+ Kh3 81. Kf2 Kh4 82. Qg3# 1-0

[Event "*** SCC Grand Prix: Titled Tuesday Blitz"]
[Site "Chess.com"]
[Date "2020.08.04"]
[Round "1"]
[White "kleopl"]
[Black "Robert_Chessmood"]
[Result "0-1"]
[WhiteElo "2464"]
[BlackElo "2971"]
[TimeControl "180+1"]
[EndTime "13:54:27 PDT"]
[Termination "Robert_Chessmood won by resignation"]

1. c4 e5 2. Nc3 Bb4 3. Nd5 Be7 4. Nf3 d6 5. d4 exd4 6. Nxd4 Nf6 7. Nc3 O-O 8. g3 d5 9. cxd5 Nxd5 10. Bd2 Bf6 11. Nf3 Nxc3 12. Bxc3 Bxc3+ 13. bxc3 Be6 14. Bg2 Qxd1+ 15. Kxd1 Rd8+ 16. Kc2 Bf5+ 17. Kb2 Be4 18. Rhd1 Na6 19. Rd4 Bxf3 20. Bxf3 c6 21. Rad1 Re8 22. Rc4 Rad8 23. Rcd4 Rb8 24. e3 Kf8 25. Ra4 g6 26.
Kc2 Re7 27. Bxc6 Nc5 28. Rc4 b6 29. Bg2 h5 30. Rcd4 Kg7 31. Rd8 Rxd8 32. Rxd8 Kf6 33. c4 Rd7 34. Rxd7 Nxd7 35. h4 Ke5 36. f4+ Kd6 37.
e4 f6 38. Kc3 Nc5 39. Bf3 Ke7 40. Kd4 Ne6+ 41. Kd5 Kd7 42. f5 gxf5 43. Bxh5 Nc7+ 44.
Kd4 fxe4 45. Kxe4 Ke7 46. Bg4 Na6 47. Kd5 Nb4+ 48. Kd4 Nxa2 49. h5 Nb4 50. h6 Kf7 51.
Bf5 a5 52. Kc3 Na6 53. Kd4 Nb4 54. g4 Na6 55. Kc3 Nc5 56. Kd4 Na6 57. Kc3 Nc5 58.
Kd4 Nb3+ 59. Kc3 Nc1 60. Kd2 Na2 61. Kc2 Nb4+ 62. Kc3 Nc6 63. Kd3 Nb4+ 64. Kc3 Na6 65.
Kd4 Nc5 66. Kc3 Nb7 67. Kd4 Nd6 68. Bd3 Nb7 69. Kc3 Kg8 70. Kd4 Nc5 71. Bc2 Kf7 72.
Kd5 a4 73. Kc6 a3 74. Bb1 Na4 75. c5 bxc5 76. Bc2 Nc3 77. Kxc5 a2 78. Bb3+ Kg6 79. Bxa2 Nxa2 80. Kd4 Kxh6 81. Ke4 Kg5 82. Kf3 Nb4 83.
Kg3 Nc6 84. Kf3 Ne5+ 85. Kg3 Nxg4 0-1

[Event "*** SCC Grand Prix: Titled Tuesday Blitz"]
[Site "Chess.com"]
[Date "2020.08.04"]
[Round "1"]
[White "FMOlexandrProhorov"]
[Black "PotapovaM"]
[Result "0-1"]
[WhiteElo "2111"]
[BlackElo "2514"]
[TimeControl "180+1"]
[EndTime "13:54:55 PDT"]
[Termination "PotapovaM won by resignation"]

1. Nf3 Nf6 2. d4 e6 3. c4 d5 4. Nc3 dxc4 5. a4 Bb4 6. e3 O-O 7. Bxc4 b6 8. O-O Bb7 9. Qe2 Qe7 10. Na2 Bd6 11. Nc3 Nc6 12. e4 Bb4 13. Bg5 h6 14.
Bh4 g5 15. Bg3 Rad8 16. Rad1 Na5 17. Bd3 c5 18. dxc5 Bxc5 19. h4 Nh5 20. Bh2 Ng7 21. e5 g4 22. Nd2 Qxh4 23. Nde4 Be7 24. Bg3 Qh5 25. Nf6+ Bxf6 26. exf6 Nf5 27. Bxf5 Qxf5 28. Nb5 Bd5 29. Qe3 Qg6 30. Nc7 Bc4 31. Rfe1 Qxf6 32.
b4 Nc6 33. Kh2 Qg6 34. Bh4 Rxd1 35. Rxd1 Nxb4 36. Qd4 Bb3 37. Re1 Nd5 38. Re4 h5 39. Nb5 Qf5 40. Nd6 Qh7 41. a5 Bc2 42. Re2 Bd3 43.
Rd2 Bb1 44. Nc4 Rd8 45. Ne5 Qg7 46. Bxd8 Qh7 47. g3 h4 48. Rb2 hxg3+ 49. Kg1 Qh2+ 50. Kf1 g2+ 51. Ke2 g1=Q 52. Qxg4+ Qxg4+ 53. Nxg4 Qh5 54. f3 f6 55. Rxb1 Nf4+ 56. Ke3 Nd5+ 57. Kf2 Qg5 58. Rd1 Qh4+ 59. Kg2 Kf7 60. Rh1 Qg5 61. Kf2 Ke8 62. Rh8+ Kd7 63. Nh2 Qd2+ 64. Kg3 Qf4+ 65. Kg2 Qd2+ 66.
Kg3 Ne3 67. Ng4 Nf5+ 68. Kh3 Qd1 69. Rh7+ Kc6 70. Nxf6 Kb5 71. Kg4 Qg1+ 72. Kf4 Qc1+ 73. Ke4 Qc2+ 74. Ke5 Qc3+ 75. Kxe6 Nd4+ 76. Ke7 Nc6+ 77.
Ke8 Nxd8 78. Kxd8 Qxf6+ 79. Re7 Qxf3 80. Re5+ Ka6 81. axb6 axb6 82. Re6 Qd3+ 83. Ke7 Ka5 84. Rd6 Qe3+ 85. Kd7 b5 86. Kc6 Qc3+ 87. Kd7 b4 88.
Ke6 Ka4 89. Rd5 Kb3 90. Rd8 Qe3+ 91. Kd7 Qd3+ 92. Ke7 Qxd8+ 93. Kxd8 Kc2 0-1

[Event "*** SCC Grand Prix: Titled Tuesday Blitz"]
[Site "Chess.com"]
[Date "2020.08.04"]
[Round "1"]
[White "kuban1991"]
[Black "Siemba"]
[Result "1/2-1/2"]
[WhiteElo "2753"]
[BlackElo "2402"]
[TimeControl "180+1"]
[EndTime "13:55:16 PDT"]
[Termination "Game drawn by stalemate"]

1. Nf3 d5 2. g3 Nc6 3. d4 Bf5 4. Bg2 Nb4 5. Na3 e6 6. c3 Nc6 7. Qb3 Rb8 8. O-O h6 9. Qa4 Qd7 10. Nd2 Nf6 11. Re1 Be7 12. e4 dxe4 13. Nxe4 Nxe4 14.
Bxe4 Bxe4 15. Rxe4 Bxa3 16. Qxa3 Qe7 17. Qb3 O-O 18.
Bf4 Qd7 19. Rae1 Ne7 20. c4 Nf5 21. d5 exd5 22. cxd5 b6 23. Qa4 b5 24. Qxa7 Qxd5 25.
Qxc7 Nd4 26. Qc3 Rbd8 27. a3 Ne6 28. Re5 Qb7 29. Be3 Rd5 30. Rc1 Rfd8 31. Rxd5 Qxd5 32. Qc6 Qb3 33. Qc2 Qd5 34. b3 h5 35. h4 g6 36.
a4 bxa4 37. bxa4 Nd4 38. Bxd4 Qxd4 39. Qc4 Qxc4 40. Rxc4 Rd1+ 41. Kg2 Ra1 42. Kf3 Ra2 43. Rf4 Kg7 44. Ke3 f6 45. Rb4 g5 46. Kf3 Kg6 47.
Kg2 Kf5 48. Rb5+ Kg6 49. hxg5 fxg5 50. a5 Ra3 51. Kh2 Kf6 52. Rb6+ Kf5 53. a6 h4 54. Kg2 Ra2 55. gxh4 gxh4 56. Rh6 Kg5 57. Rc6 Ra3 58. Rb6 Kg4 59. Rc6 Ra2 60. Rg6+ Kf5 61. Rc6 Kg4 62. Rb6 h3+ 63. Kg1 Ra1+ 64. Kh2 Ra2 65.
Rf6 Kh4 66. Rf4+ Kg5 67. Rf3 Rxa6 68. Kxh3 Rh6+ 69. Kg3 Ra6 70. Rb3 Kf5 71. Rb5+ Kf6 72. Kg4 Ra4+ 73. f4 Ra6 74. Rh5 Kg6 75. f5+ Kg7 76.
Kg5 Rb6 77. Rh3 Kf7 78. Rh7+ Kf8 79. Ra7 Rc6 80. Kf4 Rb6 81. Ke5 Rc6 82. Rd7 Ra6 83.
Kf4 Rb6 84. Rc7 Ra6 85. Rb7 Rc6 86. Kg5 Ra6 87. f6 Ra1 88. Rb8+ Kf7 89. Rb7+ Kf8 90. Rb4 Rg1+ 91. Rg4 Rxg4+ 92. Kxg4 Kf7 93. Kf5 Kf8 94. Kg6 Kg8 95. Kg5 Kf7 96. Kf5 Kf8 97. Ke6 Ke8 98.
f7+ Kf8 99. Kf6 1/2-1/2

[Event "*** SCC Grand Prix: Titled Tuesday Blitz"]
[Site "Chess.com"]
[Date "2020.08.04"]
[Round "2"]
[White "Bastiandash"]
[Black "binbin239"]
[Result "0-1"]
[WhiteElo "2310"]
[BlackElo "2554"]
[TimeControl "180+1"]
[EndTime "13:56:56 PDT"]
[Termination "binbin239 won by resignation"]

1. d4 Nf6 2. Nf3 g6 3. Bg5 Ne4 4. Bf4 Bg7 5. Nbd2 d5 6. e3 c5 7. c3 O-O 8. Nxe4 dxe4 9. Nd2 cxd4 10. cxd4 Bf5 11. Be2 Nc6 12. O-O e5 13. dxe5 Nxe5 14. Qb3 Qxd2 0-1

[Event "*** SCC Grand Prix: Titled Tuesday Blitz"]
[Site "Chess.com"]
[Date "2020.08.04"]
[Round "2"]
[White "Justinz"]
[Black "GM_LOADING"]
[Result "0-1"]
[WhiteElo "2339"]
[BlackElo "2613"]
[TimeControl "180+1"]
[EndTime "13:57:09 PDT"]
[Termination "GM_LOADING won by resignation"]

1. e4 Nf6 2. e5 Nd5 3. d4 d6 4.
exd6 cxd6 5. c4 Nb6 6. Nc3 g6 7. h3 Bg7 8. Nf3 O-O 9. Be2 Nc6 10. d5 Na5 11. Nd2 Bf5 12. g4 Bd7 13. Qc2 Rc8 14.
b3 e6 15. dxe6 fxe6 16. Bb2 d5 17. cxd5 Nxd5 18. Rc1 Nxc3 0-1

[Event "*** SCC Grand Prix: Titled Tuesday Blitz"]
[Site "Chess.com"]
[Date "2020.08.04"]
[Round "2"]
[White "vladislavkovalev"]
[Black "dlp300"]
[Result "1-0"]
[WhiteElo "2885"]
[BlackElo "2582"]
[TimeControl "180+1"]
[EndTime "13:57:53 PDT"]
[Termination "vladislavkovalev won by resignation"]

1. e4 e5 2. Nf3 Nc6 3. Bb5 a6 4. Ba4 Nf6 5. O-O Be7 6. d3 b5 7. Bb3 d6 8. a3 O-O 9. Nc3 Bg4 10. Be3 Nd7 11. h3 Bh5 12. Bd5 Ndb8 13. b4 Kh8 14. g4 Bg6 15. a4 1-0

[Event "*** SCC Grand Prix: Titled Tuesday Blitz"]
[Site "Chess.com"]
[Date "2020.08.04"]
[Round "2"]
[White "LimaRR"]
[Black "Sanyura"]
[Result "0-1"]
[WhiteElo "2071"]
[BlackElo "2396"]
[TimeControl "180+1"]
[EndTime "13:57:55 PDT"]
[Termination "Sanyura won by resignation"]

1. e4 c5 2. Nf3 e6 3. d4 cxd4 4.
Nxd4 Nf6 5. Nc3 Nc6 6. Nxc6 bxc6 7. Bd3 d5 8. exd5 exd5 9. O-O Be7 10. Qf3 O-O 11. Bf4 Bg4 12. Qg3 Qd7 13. h3 Nh5 14. hxg4 Nxg3 0-1

[Event "*** SCC Grand Prix: Titled Tuesday Blitz"]
[Site "Chess.com"]
[Date "2020.08.04"]
[Round "2"]
[White "JonahWillow"]
[Black "Micki-taryan"]
[Result "0-1"]
[WhiteElo "2678"]
[BlackElo "3055"]
[TimeControl "180+1"]
[EndTime "13:58:13 PDT"]
[Termination "Micki-taryan won by resignation"]

1. e4 c5 2. Nf3 Nf6 3. d4 Nxe4 4. Bd3 d5 5. O-O Nc6 6. Re1 cxd4 7. Bxe4 dxe4 8.
Rxe4 Bf5 9. Rh4 e5 10. Bg5 f6 11. Bd2 g5 0-1

[Event "*** SCC Grand Prix: Titled Tuesday Blitz"]
[Site "Chess.com"]
[Date "2020.08.04"]
[Round "2"]
[White "kakarot_001"]
[Black "smartinusa"]
[Result "1-0"]
[WhiteElo "2884"]
[BlackElo "2561"]
[TimeControl "180+1"]
[EndTime "13:58:58 PDT"]
[Termination "kakarot_001 won by resignation"]

1. Nf3 c5 2. e4 Nc6 3. Bb5 g6 4. Bxc6 dxc6 5. O-O Bg7 6. h3 Nf6 7. d3 O-O 8. Nbd2 Nd7 9. a4 a5 10. Nc4 e5 11. b3 Qe7 12. Bb2 b6 13. Nfd2 Ba6 14.
f4 exf4 15. Bxg7 Kxg7 16. Rxf4 Bxc4 17. Nxc4 Ne5 18. Ne3 Rad8 19. Qd2 Rd6 20. Raf1 Rfd8 21. Qc3 Rd4 22. Nc4 Nxc4 23. Rxf7+ Qxf7 24. Rxf7+ Kxf7 25. bxc4 Rb8 26. Qe1 Rd6 27. Qg3 Rbd8 28. Qf4+ Ke7 29. Qh4+ Rf6 30. e5 1-0

[Event "*** SCC Grand Prix: Titled Tuesday Blitz"]
[Site "Chess.com"]
[Date "2020.08.04"]
[Round "2"]
[White "DenLaz"]
[Black "Flopezin"]
[Result "1-0"]
[WhiteElo "2714"]
[BlackElo "2295"]
[TimeControl "180+1"]
[EndTime "13:59:02 PDT"]
[Termination "DenLaz won by resignation"]

1. d4 Nf6 2. c4 e6 3. Nf3 c5 4. d5 d6 5. Nc3 exd5 6. cxd5 g6 7. e4 Bg7 8. Be2 O-O 9. Be3 Bg4 10. Nd2 Bxe2 11.
Qxe2 Na6 12. O-O Nc7 13. a4 Re8 14. f3 Qd7 15. Nc4 b5 16. axb5 Nxb5 17. Nxb5 Qxb5 18.
Qc2 Red8 19. Bf4 Ne8 20. Ra5 Qb7 21. Rfa1 Rd7 22. h3 Rb8 23. Qa4 Bd4+ 24. Kh2 Nf6 25. Rxa7 Qxa7 26. Qxa7 Rxa7 27. Rxa7 Bxb2 28. Bxd6 Rd8 29. Be7 Re8 30. Nxb2 1-0

[Event "*** SCC Grand Prix: Titled Tuesday Blitz"]
[Site "Chess.com"]
[Date "2020.08.04"]
[Round "2"]
[White "aa175"]
[Black "Kaua18"]
[Result "1-0"]
[WhiteElo "2469"]
[BlackElo "2281"]
[TimeControl "180+1"]
[EndTime "13:59:11 PDT"]
[Termination "aa175 won by resignation"]

1. d4 Nf6 2. Nf3 b6 3. Bf4 Bb7 4. e3 e6 5. Nbd2 c5 6. Nc4 Ne4 7. Bd3 d5 8. Nce5 c4 9. Bxe4 dxe4 10. Ng5 f6 11. Ngf7 Qc7 12. Nxh8 fxe5 13. Bxe5 Bd6 14. Bxd6 Qxd6 15. Qh5+ Kd8 16. Nf7+ 1-0